 Dungeon Crawl Stone Soup version 0.22.1 (webtiles) character file.

16791 Riddle the Pandemonic (level 12, -4/88 HPs)
             Began as a Vampire Monk on Sept 17, 2018.
             Was a High Priest of Makhleb.
             Hit by a silver javelin thrown by a minotaur (26 damage)
             ... on level 11 of the Dungeon.
             The game lasted 00:41:00 (25902 turns).

Riddle the Pandemonic (Vampire Monk)               Turns: 25902, Time: 00:41:04

Health: -4/88      AC:  0    Str: 10    XL:     12   Next: 13%
Magic:  23/23      EV: 29    Int: 13    God:    Makhleb [*****.]
Gold:   1063       SH:  0    Dex: 26    Spells: 11/11 levels left

rFire    . . .     SeeInvis +     - Unarmed
rCold    + . .     Gourm    .   (shield currently unavailable)
rNeg     + + .     Faith    .   (armour currently unavailable)
rPois    +         Spirit   .   (helmet currently unavailable)
rElec    .         Reflect  .   (cloak currently unavailable)
rCorr    .         Harm     .   (gloves currently unavailable)
MR       +....                  (boots currently unavailable)
Stlth    +++++.....             (no amulet)
HPRegen  0.12/turn              (ring currently unavailable)
MPRegen  0.18/turn              (ring currently unavailable)

@: bat-form, flying, regenerating slowly, very quick
A: tiny, fangs 3, see invisible
a: End Transformation, Minor Destruction, Lesser Servant of Makhleb, Major
Destruction, Greater Servant of Makhleb, Renounce Religion


You were on level 11 of the Dungeon.
You worshipped Makhleb.
Makhleb was extremely pleased with you.
You were near bloodless.
You were in vampire-bat-form.
You visited 2 branches of the dungeon, and saw 12 of its levels.
You also visited: Bailey.

You collected 1063 gold pieces.

Inventory:

Hand Weapons
 G - the +7 sword of Power (melded)
   (You found it in a bailey)
Missiles
 F - 55 tomahawks of returning (quivered)
Armour
 I - a +2 cloak (melded)
 K - the cursed +0 robe of the Suburbs (melded) {Str+4 Slay+2}
   (You found it on level 10 of the Dungeon)

   It affects your strength (+4).
   It affects your accuracy and damage with ranged weapons and melee attacks
   (+2).
   It has a curse placed upon it.
Jewellery
 c - a ring of magical power (melded)
 g - a ring of poison resistance (melded)
 h - an uncursed ring of protection from cold
 o - an uncursed ring of resist corrosion {unknown}
 w - a +4 ring of slaying {unknown}
 M - an uncursed ring of ice {unknown}
 N - the ring of Creativity {rF+ rN+ Str+2, unknown}
   (You took it off a gnoll on level 11 of the Dungeon)

   [ring of positive energy]

   It affects your strength (+2).
   It protects you from fire.
   It protects you from negative energy.
 O - an uncursed ring of protection from magic {unknown}
Wands
 x - a wand of iceblast (3)
 y - a wand of random effects (41)
 C - a wand of digging (6)
 E - a wand of disintegration (16)
Scrolls
 a - 2 scrolls of amnesia {unknown}
 e - 4 scrolls of enchant armour
 j - 2 scrolls of immolation {unknown}
 k - 4 scrolls of remove curse {unknown}
 n - a scroll of fog {unknown}
 p - 2 scrolls of teleportation {unknown}
 q - 2 scrolls of fear {unknown}
 t - 2 scrolls of magic mapping {unknown}
 u - 3 scrolls of vulnerability {unknown}
 v - a scroll of silence {unknown}
 B - 2 scrolls of acquirement {unknown}
 D - 3 scrolls of holy word {unknown}
 H - a scroll of summoning {unknown}
 J - 4 scrolls of random uselessness {unknown}
 L - 2 scrolls of enchant weapon {unknown}
Potions
 b - 5 potions of blood
 d - 6 potions of curing
 f - 3 potions of brilliance
 i - 3 potions of lignification
 l - a potion of resistance
 m - 2 potions of degeneration
 r - 2 potions of flight {unknown}
 s - a potion of cancellation {unknown}
 z - a potion of invisibility {unknown}
 A - a potion of might {unknown}
 P - a potion of agility {unknown}


   Skills:
 - Level 6.1 Fighting
 - Level 7.2 Dodging
 - Level 3.0 Stealth
 - Level 7.1 Unarmed Combat
 + Level 15.0 Invocations


You had 11 spell levels left.
You didn't know any spells.
Your spell library contained the following spells:

 Spells                   Type           Power        Failure   Level  Hunger
 Corona                   Hex            #......      30%         1    ##.....
 Infusion                 Chrm           #...         30%         1    ##.....
 Shock                    Conj/Air       #...         30%         1    ##.....
 Summon Small Mammal      Summ           #...         30%         1    ##.....
 Call Imp                 Summ           #.......     43%         2    ###....
 Ensorcelled Hibernation  Hex/Ice        #.....       43%         2    ###....
 Poisonous Vapours        Pois/Air       #.....       43%         2    ###....
 Swiftness                Chrm/Air       #.......     43%         2    ###....
 Call Canine Familiar     Summ           #.......     67%         3    ####...
 Confuse                  Hex            #.......     67%         3    ####...
 Conjure Flame            Conj/Fire      #.......     67%         3    ####...
 Dazzling Spray           Conj/Hex       #.....       67%         3    ####...
 Mephitic Cloud           Conj/Pois/Air  #.......     67%         3    ####...
 Static Discharge         Conj/Air       #.......     67%         3    ####...
 Summon Guardian Golem    Hex/Summ       #.......     67%         3    ####...
 Tukima's Dance           Hex            #.......     67%         3    ####...
 Airstrike                Air            #.........   97%         4    #####..
 Summon Ice Beast         Ice/Summ       #.......     97%         4    #####..
 Summon Lightning Spire   Summ/Air       #.......     97%         4    #####..
 Bolt of Magma            Conj/Fire/Erth #.........   100%        5    ######.
 Iskenderun's Battlesphe  Conj/Chrm      #.......     100%        5    ######.
 Lightning Bolt           Conj/Air       #.........   100%        5    ######.
 Venom Bolt               Conj/Pois      #.........   100%        5    ######.
 Freezing Cloud           Conj/Ice/Air   #.........   100%        6    #######
 Iron Shot                Conj/Erth      #.........   100%        6    #######
 Orb of Destruction       Conj           #.........   100%        7    #######
 Ring of Flames           Chrm/Fire      #.........   100%        7    #######
 Spellforged Servitor     Conj/Summ      #.........   100%        7    #######


Dungeon Overview and Level Annotations

Branches:
Dungeon (11/15)            Temple (1/1) D:7            Lair (0/6) D:10
    Orc: D:9-12

Altars:
Ashenzari
Cheibriados
Dithmenos
Elyvilon
Fedhas
Gozag
Hepliaklqana
Kikubaaqudgha
Makhleb
Nemelex Xobeh
Okawaru
Qazlal
Ru
Sif Muna
Trog
Uskayaw
Vehumet
Wu Jian
Xom
Yredelemnul
Zin
The Shining One

Shops:
D:5 }   D:6 [(*   D:9 }

Annotations:
D:2 exclusion: oklob plant


Innate Abilities, Weirdness & Mutations

You heal slowly.
You have razor-sharp teeth.
You have supernaturally acute eyesight. (SInv)
((You can survive without breathing.))


Message History

Unknown command.
Press: ? - help, Shift-Dir - straight line, f/p - minotaur
Aim: a minotaur, wearing a chain mail (moderately wounded, covered in acid)
The zap misses the minotaur.
The minotaur throws a silver javelin.
The silver javelin barely misses you.
Unknown command.
Press: ? - help, Shift-Dir - straight line, f/p - minotaur
Aim: a minotaur, wearing a chain mail (moderately wounded, covered in acid)
The stone arrow hits the minotaur.
The minotaur is moderately wounded.
Unknown command.
Press: ? - help, Shift-Dir - straight line, f/p - minotaur
Aim: a minotaur, wearing a chain mail (moderately wounded, covered in acid)
The bolt of negative energy hits the minotaur.
The minotaur is drained!
The minotaur is heavily wounded.
The minotaur throws a silver javelin.
The silver javelin hits you!!
* * * LOW HITPOINT WARNING * * *
The silver sears you!
You die...

......................#####c.....
..(..............................
≈≈≈(...................##########
.)≈≈.(.....#####.......#.........
##(≈≈......#.#.#.......#.....####
.#.≈≈......#'#'#.......#.....#
.#.≈≈..(.H.(...#.......#.....##
.#..≈≈.....#..)#.......#####..#
##(.≈≈.....#####b.(........#..#
(..≈≈.......H.....(........#..#
.≈.≈≈.#####......(.........#..#
≈≈≈≈).#...'................#..#
≈≈≈≈..#####.........(......#..###
≈≈≈≈≈.)......(.............#.....
≈≈≈≈≈..............(.......#...##
.[≈.≈≈.....................#####.
...≈≈≈...........................


You could see a minotaur.

Vanquished Creatures
  Snorg (D:11)
  2 two-headed ogres
  4 death yaks (D:11)
  2 orc knights (Bailey)
  Pikel (D:9)
  An ugly thing (D:11)
  9 yaktaurs (D:11)
  3 trolls (D:10)
  A hornet (D:9)
  2 hippogriffs (D:10)
  9 yaks (D:11)
  3 wyverns
  A hungry ghost (D:10)
  A water moccasin (D:9)
  A slave (D:9)
  5 ice beasts
  6 ogres
  5 orc warriors
  A phantom (D:4)
  4 sky beasts
  A necrophage (D:8)
  5 centaurs
  A big kobold (D:8)
  4 bullfrogs
  3 scorpions
  A wyvern skeleton (D:8)
  5 killer bees (D:8)
  10 howler monkeys
  An electric eel (D:11)
  2 bullfrog zombies (D:10)
  3 crimson imps
  3 jellies
  6 hounds
  8 orc wizards
  A quasit (D:11)
  A centaur skeleton (D:8)
  4 orc priests
  2 bullfrog skeletons
  5 iguanas
  10 worker ants
  A hound skeleton (D:11)
  A worker ant zombie (D:5)
  A howler monkey skeleton (D:7)
  17 gnolls
  8 adders
  A shadow imp (D:11)
  3 worms
  An adder skeleton (D:5)
  A dart slug (D:1)
  9 leopard geckos
  38 orcs
  7 bats
  10 giant cockroaches
  15 goblins
  10 hobgoblins
  5 jackals
  29 kobolds
  A quokka (D:2)
  A ball python (D:1)
  2 frilled lizards
  A jackal skeleton (D:4)
  A quokka skeleton (D:8)
  8 rats
309 creatures vanquished.

Vanquished Creatures (others)
  A slave (D:11)
  An electric eel (D:9)
  An orc priest (D:11)
3 creatures vanquished.

Grand Total: 312 creatures vanquished

Notes
Turn   | Place    | Note
-------+----------+-------------------------------------------
     0 | D:1      | Riddle the Vampire Monk began the quest for the Orb.
     0 | D:1      | Reached XP level 1. HP: 17/17 MP: 1/1
   184 | D:1      | Reached XP level 2. HP: 23/23 MP: 2/2
   845 | D:1      | Reached XP level 3. HP: 18/29 MP: 3/3
  1070 | D:2      | Found a shattered altar of Ashenzari.
  1234 | D:2      | Found a snail-covered altar of Cheibriados.
  1639 | D:2      | Reached XP level 4. HP: 26/35 MP: 4/4
  1993 | D:2      | Noticed an ogre
  2041 | D:2      | Found a faded altar of an unknown god.
  4033 | D:2      | Killed an ogre
  4033 | D:2      | Reached XP level 5. HP: 42/42 MP: 5/5
  4126 | D:2      | Found a blossoming altar of Fedhas.
  4136 | D:2      | Noticed an oklob plant
  5437 | D:3      | Reached skill level 5 in Dodging
  5446 | D:3      | Reached skill level 5 in Unarmed Combat
  5964 | D:4      | Reached XP level 6. HP: 47/48 MP: 6/6
  6090 | D:4      | Found an opulent altar of Gozag.
  7393 | D:5      | Entered Level 5 of the Dungeon
  7428 | D:5      | Found a radiant altar of Vehumet.
  7432 | D:5      | Found an ancient bone altar of Kikubaaqudgha.
  7433 | D:5      | Found a deep blue altar of Sif Muna.
  7436 | D:5      | Identified Sif Muna's Papyrus of Good Luck
  7521 | D:5      | Found Penuskuj's Gadget Shop.
  7610 | D:5      | Noticed an orc warrior
  7627 | D:5      | Reached XP level 7. HP: 46/55 MP: 7/7
  7960 | D:5      | Reached skill level 5 in Fighting
  9263 | D:6      | Found Zihireun's Antique Armour Emporium.
  9739 | D:6      | Found a sacrificial altar of Ru.
  9799 | D:6      | Found Yriron's General Store.
 10420 | D:6      | Found Astrururph's Antique Weapon Emporium.
 11853 | D:7      | Reached XP level 8. HP: 57/63 MP: 8/8
 12252 | D:7      | Found a staircase to the Ecumenical Temple.
 12261 | Temple   | Entered the Ecumenical Temple
 12901 | Temple   | Became a worshipper of Makhleb the Destroyer
 12901 | Temple   | Reached * piety under Makhleb
 12901 | Temple   | Reached ** piety under Makhleb
 13294 | D:7      | Reached skill level 1 in Invocations
 13316 | D:7      | Reached skill level 2 in Invocations
 13337 | D:7      | Reached skill level 3 in Invocations
 13865 | D:7      | Reached skill level 4 in Invocations
 14164 | D:7      | Found a shimmering altar of Xom.
 14655 | D:8      | Reached skill level 5 in Invocations
 15155 | D:8      | Reached XP level 9. HP: 67/69 MP: 12/12
 15329 | D:8      | Reached skill level 6 in Invocations
 15634 | D:8      | Reached *** piety under Makhleb
 15711 | D:8      | Reached skill level 7 in Invocations
 16223 | D:8      | Reached skill level 8 in Invocations
 16806 | D:9      | Reached skill level 9 in Invocations
 16875 | D:9      | Found Xaok's Gadget Boutique.
 16927 | D:9      | Found a bloodstained altar of Trog.
 16953 | D:9      | Reached XP level 10. HP: 76/76 MP: 15/17
 17017 | D:9      | Found a flagged portal.
 17017 | D:9      | Noticed Pikel
 17061 | D:9      | Killed Pikel
 17115 | Bailey   | Entered a bailey
 17176 | Bailey   | Noticed an orc knight
 17254 | Bailey   | Reached **** piety under Makhleb
 17276 | Bailey   | Noticed an orc knight
 17661 | Bailey   | Killed an orc knight
 17661 | Bailey   | Reached skill level 10 in Invocations
 17669 | Bailey   | Killed an orc knight
 17949 | Bailey   | Found the +0 sword of Power
 18080 | D:9      | Found a shimmering altar of Xom.
 18081 | D:9      | Found a shimmering altar of Xom.
 18100 | D:9      | Found a shimmering altar of Xom.
 18113 | D:9      | Found a shimmering altar of Xom.
 18148 | D:9      | Found a white marble altar of Elyvilon.
 18240 | D:9      | Reached skill level 11 in Invocations
 18370 | D:10     | Entered Level 10 of the Dungeon
 19116 | D:10     | Got a dull robe
 20005 | D:10     | Reached skill level 12 in Invocations
 20069 | D:10     | Found a staircase to the Lair.
 20116 | D:10     | Noticed a two-headed ogre
 20408 | D:10     | Killed a two-headed ogre
 20408 | D:10     | Reached XP level 11. HP: 63/81 MP: 20/20
 20743 | D:10     | Identified the cursed +0 robe of the Suburbs {Str+4 Slay+2}
                  | (You found it on level 10 of the Dungeon)
 21322 | D:11     | Noticed Snorg
 21324 | D:11     | Reached ***** piety under Makhleb
 21349 | D:11     | Killed Snorg
 21487 | D:11     | Reached skill level 13 in Invocations
 21539 | D:11     | Noticed a death yak
 21542 | D:11     | Noticed a death yak
 21565 | D:11     | Killed a death yak
 22003 | D:11     | Noticed a cyan ugly thing
 22197 | D:11     | Killed a cyan ugly thing
 22276 | D:11     | Noticed a two-headed ogre
 22322 | D:11     | Killed a two-headed ogre
 22527 | D:11     | Got an ancient brass ring
 22618 | D:11     | Reached skill level 14 in Invocations
 22745 | D:11     | Noticed a minotaur
 22879 | D:11     | Killed a death yak
 23466 | D:11     | Noticed a minotaur
 23466 | D:11     | Noticed a death yak
 23466 | D:11     | Noticed a death yak
 23546 | D:11     | Killed a death yak
 23586 | D:11     | Killed a death yak
 23586 | D:11     | Reached XP level 12. HP: 60/88 MP: 23/23
 25110 | D:11     | Reached skill level 15 in Invocations
 25902 | D:11     | Hit by a silver javelin thrown by a minotaur

Skill      XL: |  1  2  3  4  5  6  7  8  9 10 11 12 |
---------------+-------------------------------------+-----
Fighting       | 3 4 5 6 |  6.1
Dodging        | 4 5 6 7 |  7.2
Unarmed Combat | 4 5 6 7 |  7.1
Invocations    | 5 9 12 14 15 | 15.0
Stealth        | |  3.0

Action                   |  1- 3 |  4- 6 |  7- 9 | 10-12 || total
-------------------------+-------+-------+-------+-------++-------
Melee: Unarmed           |   116 |   315 |   275 |     5 ||   711
       Bite              |    10 |    51 |    34 |       ||    95
Invok: Minor Destruction |       |       |   239 |   534 ||   773
       Major Destruction |       |       |       |     8 ||     8
 Abil: Bat Form          |     1 |       |       |     1 ||     2
       End Transformatio |       |       |       |     1 ||     1
  Use: Potion            |     1 |     9 |    15 |    14 ||    39
       Scroll            |       |       |       |     6 ||     6
 Stab: Sleeping          |     6 |    21 |     5 |       ||    32
       Distracted        |       |       |     3 |       ||     3
Armor: Robe              |    14 |       |       |       ||    14
Dodge: Dodged            |    86 |   209 |   450 |   169 ||   914
